 Dungeon Crawl Stone Soup version 0.32-a0-656-g3542139ebd (webtiles) character file.

Game seed: 1677534130544131394

2702 ytrimaz the Insei (level 9, -1/61 HPs)
             Began as a Demigod Shapeshifter on Mar 8, 2024.
             Succumbed to a gnoll sergeant's poison
             ... on level 6 of the Dungeon.
             The game lasted 00:08:22 (6142 turns).

ytrimaz the Insei (Demigod Shapeshifter)            Turns: 6142, Time: 00:08:22

Health: -1/61      AC:  4    Str: 15    XL:     9   Next: 16%
Magic:  3/11       EV: 21    Int: 12    God:
Gold:   255        SH:  0    Dex: 23    Spells: 8/8 levels left

rFire   + .          .
                       - Unarmed
rCold   . . .        (shield currently unavailable)
rNeg    . . .        y - melded +0 scale mail
rPois   .            (no helmet)
rElec   .            (no cloak)
rCorr   .            (no gloves)
SInv    .            (no boots)
Will    .....        z - amulet of guardian spirit
Stlth   +            p - ring of protection from fire
HPRegen 0.30/turn    s - +4 ring of protection
MPRegen 0.12/turn

%: guardian spirit
@: mighty, lethally poisoned (-1 -> -11), flux-form, glowing
A: glow, contaminating, reduced hp, high MP 1, forlorn, divine attributes,
talons 1, clumsy 1
a: Begin Untransformation


You were on level 6 of the Dungeon.
You were something dangerously unstable.
You visited 1 branch of the dungeon, and saw 6 of its levels.
You also visited: Ossuary.

You collected 255 gold pieces.


Innate Abilities, Weirdness & Mutations

You are something dangerously unstable.
You glow with magical radiation, making you easy to see and hit.
Foes you strike become dangerously contaminated with magical radiation.
Your maximum health is decreased, since you lack skill for your form.
You are incapable of wielding weapons or throwing items.
You have an increased reservoir of magic. (+10% MP)
You shall have no god before yourself.
Your divine heritage dramatically boosts your attributes as you level up.
You have sharp toenails.
You are clumsy. (Dex -2)


   Skills:
 - Level 0.8 Fighting
 + Level 7.1 Dodging
 + Level 7.3 Unarmed Combat
 + Level 6.8 Shapeshifting


You had 8 spell levels left.
You didn't know any spells.
Your spell library was empty.

Inventory:

Armour
 y - a +0 scale mail (melded)
   (You took it off Ijyb on level 4 of the Dungeon)
Jewellery
 b - a ring of willpower
   (You took it off a goblin on level 4 of the Dungeon)
 p - a ring of protection from fire (left hand)
   (You found it on level 2 of the Dungeon)
 s - a +4 ring of protection (right hand)
   (You found it on level 2 of the Dungeon)
 z - an amulet of guardian spirit (around neck)
   (You found it on level 6 of the Dungeon)
Talismans
 c - a beast talisman
 d - a flux talisman (active)
 u - a maw talisman
   (You found it on level 3 of the Dungeon)
Wands
 o - a wand of polymorph (14)
   (You found it on level 2 of the Dungeon)
 w - a wand of paralysis (6)
   (You took it off Ijyb on level 4 of the Dungeon)
Scrolls
 h - a scroll of immolation
 n - a scroll of fog
 r - a scroll of revelation {unknown}
 t - a scroll of identify
 v - a scroll of amnesia
 x - a scroll of silence
Potions
 e - 3 potions of haste
 g - a potion of resistance {unknown}
 i - 2 potions of invisibility
 j - 6 potions of attraction
 k - a potion of ambrosia {unknown}
 l - a potion of degeneration {unknown}
 m - a potion of enlightenment {unknown}
 q - 2 potions of mutation
 A - a potion of brilliance {unknown}

Dungeon Overview and Level Annotations

Branches:
Dungeon (6/15) Zot: 26380 Ossuary (visited)
 Temple: D:4-7

Shops:
D:2

= #'####..##########...###
#.. #.÷.##..........#......#
... #.......).......#.)....#
... #.......÷.......#...<..#
... #(..##..##÷..####...####
. #..
#...##+###.÷.####...######..
#
#...##.....g..#.§§..........
######...?$...#§§§..........
#.........).o.#p§§......_...
##.............#K§.....>.....
..............og§§...........
.~~~~~~~~≈~~~≈~§~~~~....~≈≈~~
.~≈≈≈~≈≈≈≈≈≈≈≈≈≈≈≈≈~....~≈≈≈≈
.~≈#####~≈~)~~~)~~~g....o≈≈≈~
.~~#h..#.....................
.≈≈#...#############''''#####
.~≈###'# #.:..#


You could see a kobold brigand (contam), a gnoll sergeant (swift) and a gnoll
bouda.


Message History

Reactivating autopickup. 😨 HP[+1]
You hit the orc priest but do no damage.
The orc priest begins to glow.
The orc priest hits you with a +0 flail.
* * * LOW HITPOINT WARNING * * *
😨 HP[-3]
You take 3 damage, and now have 26/61 hp.
Unknown command.
You hit the orc priest but do no damage.
The orc priest glows dangerously bright. 😨 MP[+1]
You hit the orc priest.
The orc priest shudders as magic cascades through it.
The orc priest twists and deforms.
The orc priest hits you with a +0 flail.
* * * LOW HITPOINT WARNING * * *
You hit the orc priest but do no damage.
The orc priest begins to glow.
The orc priest barely misses you.
Unknown command.
You punch the orc priest!
The orc priest glows dangerously bright.
The orc priest calls down the wrath of Beogh upon you.
Beogh smites you!
* * * LOW HITPOINT WARNING * * *
😨 HP[-7] MP[-1]
You take 7 damage, and now have 19/61 hp.
You lost 1 mp, and now have 7/11 mp.
You hit the orc priest.
The orc priest shudders as magic cascades through it!!
You kill the orc priest!
Items here: ( ))))) [[ †††. 😨 HP[+1]
A gnoll sergeant comes into view.
It is wielding a +1 trident of venom. 😨 HP[+1]
A gnoll sergeant is nearby!
A gnoll sergeant is nearby! 😨 MP[+1]
There is an open door here.
You close the door. 😨 HP[+1]
Something unseen opens the door.
You see here a +0 giant spiked club.
An orc priest comes into view. It is wielding a +0 mace. 😨 HP[+1]
You see here a howler monkey skeleton.
The orc priest shouts!
The orc priest looks encouraged for a moment.
You see here a hound skeleton. 😨 MP[+1] 😨 HP[+1]
You hit the orc priest.
The orc priest begins to glow.
The orc priest hits you but does no damage.
The orc priest invokes the aid of Beogh against you.
Beogh smites you!
* * * LOW HITPOINT WARNING * * *
😨 HP[-8] MP[-2]
You take 8 damage, and now have 16/61 hp.
You lost 2 mp, and now have 7/11 mp.
A kobold brigand comes into view.
It is wielding a +0 short sword and quivering poisoned darts.
The kobold brigand shouts!
The orc priest misses you. 😨 HP[+1]
The orc priest mumbles some strange prayers to Beogh against you.
Pain shoots through your body!
* * * LOW HITPOINT WARNING * * *
A gnoll bouda comes into view.
It is wielding a +0 club and wearing a +1 robe of willpower. 😱 HP[-7] MP[-3]
You take 7 damage, and now have 10/61 hp.
You lost 3 mp, and now have 4/11 mp.
The kobold brigand misses you.
As you read the scroll of fog, it dissolves into smoke.
The gnoll bouda shouts!
The kobold brigand completely misses you. 😱 HP[+1]
You closely miss the kobold brigand.
The kobold brigand closely misses you. 😱 MP[+1]
The gnoll bouda barks out a call to the hunt!
The gnoll sergeant picks up the pace!
You hit the kobold brigand.
The kobold brigand begins to glow.
The gnoll sergeant hits you from afar with a +1 trident of venom.
* * * LOW HITPOINT WARNING * * *
You are lethally poisoned! 😱 HP[-4] MP[-1]
You take 4 damage, and now have 7/61 hp.
You lost 1 mp, and now have 4/11 mp.
Okay, then.
It was a potion of mutation.
You feel extremely strange.
You feel clumsy.
Your toenails lengthen and sharpen.
* * * LOW HITPOINT WARNING * * *
You feel very sick.
The kobold brigand hits you with a +0 short sword.
* * * LOW HITPOINT WARNING * * *
The gnoll sergeant barely misses you. 😱 HP[-5] MP[-1]
You take 5 damage, and now have 2/61 hp.
You lost 1 mp, and now have 3/11 mp.
It was a potion of might.
You feel very mighty all of a sudden.
You die...

Skill      XL: |  1  2  3  4  5  6  7  8  9 |
---------------+----------------------------+-----
Dodging        | 2 3 4 5 6 7 |  7.1
Unarmed Combat | 3 4 5 7 |  7.3
Shapeshifting  | 3 4 5 6 |  6.8
Fighting       | |  0.8

Action                     |  1- 3 |  4- 6 |  7- 9 || total
---------------------------+-------+-------+-------++-------
  Melee: Unarmed           |   144 |   243 |   394 ||   781
         Punch             |     3 |     6 |       ||     9
    Use: Scroll            |     5 |     1 |     4 ||    10
         Potion            |       |     2 |     7 ||     9
   Stab: Sleeping          |     3 |       |       ||     3
         Invisible         |       |       |     1 ||     1
 Armour: Animal skin       |    68 |    81 |       ||   149
         Scale mail        |       |    19 |       ||    19
         Skin              |       |    21 |   158 ||   179
  Dodge: Dodged            |    99 |   140 |   363 ||   602
   Form: Maw               |       |     1 |       ||     1
         Flux              |       |     1 |       ||     1

Levels and vault maps discovered:
D:1:      lemuel_arrival_broad_hall, layout_rooms
D:2:      layout_loops_cross, serial_shops, nicolae_shop_tiny_waterfront
D:3:      layout_loops_corners, mainiacjoe_overflow_small_starburst,
          nicolae_hepliaklqana_hazy_memory, portal_sewer_entry_e,
          shapermc_ecumenical_altar_petra
D:4:      layout_basic, uniq_natasha, uniq_ijyb
D:5:      layout_loops_ring, nicolae_wu_jian_wuxing_cycle,
          nicolae_ossuary_entry_catacombs
D:6:      lemuel_castle_with_subvaults [lemuel_castle_interior_carwin_2],
          layout_gridville, overflow_temple_1_default, uniq_menkaure

Notes
Turn   | Place    | Note
-------+----------+-------------------------------------------
     0 | D:1      | ytrimaz the Demigod Shapeshifter began the quest for the
                  | Orb.
     0 | D:1      | Reached XP level 1. HP: 15/15 MP: 3/3
     0 | D:1      | magus.rc [v1.9.6]
    66 | D:1      | Reached skill level 2 in Dodging
   130 | D:1      | Reached XP level 2. HP: 18/22 MP: 4/4
   148 | D:1      | Reached skill level 3 in Unarmed Combat
   166 | D:1      | Reached skill level 3 in Shapeshifting
   531 | D:1      | Reached XP level 3. HP: 24/27 MP: 5/5
  1028 | D:2      | Found Kynkuv's Jewellery Shoppe.
  1645 | D:3      | Reached XP level 4. HP: 31/34 MP: 6/6
  1791 | D:3      | Reached skill level 3 in Dodging
  2751 | D:4      | Reached XP level 5. HP: 39/39 MP: 7/7
  2779 | D:4      | HP: 2/39 [gnoll/+0 flail[a gnoll bouda] (9)]
  2785 | D:4      | Reached skill level 4 in Unarmed Combat
  3150 | D:4      | Noticed Ijyb
  3150 | D:4      | Paralysed by Ijyb for 4 turns
  3167 | D:4      | Paralysed by Ijyb for 3 turns
  3175 | D:4      | Killed Ijyb
  3687 | D:4      | Noticed Natasha
  3695 | D:4      | Killed Natasha
  3696 | D:4      | Reached skill level 4 in Shapeshifting
  3849 | D:4      | Noticed an ice beast
  3872 | D:4      | Killed an ice beast
  3873 | D:4      | Reached skill level 4 in Dodging
  3873 | D:4      | Reached XP level 6. HP: 33/46 MP: 8/8
  4006 | D:4      | Noticed Natasha
  4011 | D:4      | Killed Natasha
  4024 | D:4      | Noticed Natasha
  4031 | D:4      | Killed Natasha
  4061 | D:5      | Entered Level 5 of the Dungeon
  4372 | D:5      | Reached XP level 7. HP: 38/51 MP: 9/9
  4378 | D:5      | Found a sand-covered staircase.
  4393 | D:5      | Reached skill level 5 in Unarmed Combat
  4396 | Ossuary  | Entered an ossuary
  4626 | Ossuary  | Reached skill level 5 in Dodging
  4626 | Ossuary  | Reached skill level 5 in Shapeshifting
  4924 | D:5      | Reached XP level 8. HP: 47/58 MP: 10/10
  5036 | D:5      | Reached skill level 6 in Unarmed Combat
  5521 | D:6      | Reached skill level 6 in Dodging
  5625 | D:6      | Reached skill level 6 in Shapeshifting
  5889 | D:6      | Reached skill level 7 in Unarmed Combat
  5917 | D:6      | Reached XP level 9. HP: 37/63 MP: 7/11
  6093 | D:6      | Reached skill level 7 in Dodging
  6135 | D:6      | HP: 10/61 [orc priest/nerve-wracking pain (7)]
  6140 | D:6      | HP: 7/61 [gnoll sergeant/+1 trident of venom (4)]
  6141 | D:6      | Gained mutation: You are clumsy. (Dex -2) [potion of
                  | mutation]
  6141 | D:6      | Gained mutation: You have sharp toenails. [potion of
                  | mutation]
  6141 | D:6      | HP: 2/61 [kobold brigand/+0 short sword (3)]
  6142 | D:6      | Succumbed to a gnoll sergeant's poison

Vanquished Creatures
  A steam dragon (D:6)
  A water moccasin (D:5)
  2 ice beasts
  A wolf (D:6)
  3 ogres (D:6)
  2 phantoms
  2 kobold brigands (D:6)
  A weeping skull (Ossuary)
  A bullfrog (D:6)
  2 elf zombies (D:5)
  4 water moccasin zombies (Ossuary)
  An elf skeleton (D:5)
  A scorpion (D:6)
  A jelly (D:6)
  3 howler monkeys (D:6)
  A bombardier beetle (D:3)
  4 hounds
  An orc priest (D:6)
  2 sleepcaps (D:5)
  A spectral scorpion (Ossuary)
  A gnoll bouda (D:4)
  An orc wizard (D:6)
  A human skeleton (D:5)
  2 iguanas
  Ijyb (D:4)
  Natasha (thrice) (D:4)
  2 crocodile zombies (Ossuary)
  2 mummies (Ossuary)
  10 gnolls
  7 adders
  2 river rats (D:3)
  4 ufetubi (D:6)
  8 adder zombies (Ossuary)
  7 dart slugs
  5 orcs
  8 ball pythons
  3 bats
  8 endoplasms
  2 giant cockroaches (D:3)
  7 gnoll zombies (Ossuary)
  6 goblins
  4 hobgoblins
  3 jackals (D:1)
  3 quokkas
  4 frilled lizards
  5 jackal zombies (Ossuary)
  3 kobolds
  An orc skeleton (D:5)
  3 orc zombies
  8 rats
159 creatures vanquished.

Vanquished Creatures (others)
  An orc (D:6)
  2 kobolds (D:6)
3 creatures vanquished.

Grand Total: 162 creatures vanquished

Table legend:
 A = Non-vault XP
 B = Vault XP
 C = Vault XP percentage of total XP
 D = Non-vault monster count
 E = Vault monster count
 F = Vault count percentage of total count
                 A         B        C        D         E       F
            +---------+---------+-------+---------+---------+-------
      Total |    2059 |    1801 |  46.7 |      98 |      61 |  38.4
            +---------+---------+-------+---------+---------+-------
        D:1 |      52 |       0 |   0.0 |      25 |       0 |   0.0
        D:2 |      54 |       0 |   0.0 |      18 |       0 |   0.0
        D:3 |      78 |      35 |  31.0 |       8 |       8 |  50.0
        D:4 |     352 |      70 |  16.6 |      19 |       2 |   9.5
        D:5 |     451 |     321 |  41.6 |      12 |       6 |  33.3
        D:6 |    1072 |     756 |  41.4 |      16 |      13 |  44.8
    Ossuary |       0 |     619 | 100.0 |       0 |      32 | 100.0
            +---------+---------+-------+---------+---------+-------

Skill      XL: |  1  2  3  4  5  6  7  8  9 |
---------------+----------------------------+-----
Dodging        | 2 3 4 5 6 7 |  7.1
Unarmed Combat | 3 4 5 7 |  7.3
Shapeshifting  | 3 4 5 6 |  6.8
Fighting       | |  0.8

Action                     |  1- 3 |  4- 6 |  7- 9 || total
---------------------------+-------+-------+-------++-------
  Melee: Unarmed           |   144 |   243 |   394 ||   781
         Punch             |     3 |     6 |       ||     9
    Use: Scroll            |     5 |     1 |     4 ||    10
         Potion            |       |     2 |     7 ||     9
   Stab: Sleeping          |     3 |       |       ||     3
         Invisible         |       |       |     1 ||     1
 Armour: Animal skin       |    68 |    81 |       ||   149
         Scale mail        |       |    19 |       ||    19
         Skin              |       |    21 |   158 ||   179
  Dodge: Dodged            |    99 |   140 |   363 ||   602
   Form: Maw               |       |     1 |       ||     1
         Flux              |       |     1 |       ||     1

Illustrated notes

Table legend:
 A = Kills in this place as a percentage of kills in the entire game.
 B = Kills by you in this place as a percentage of kills by you in the entire game.
 C = Kills by friends in this place as a percentage of kills by friends in the entire game.
 D = Other kills in this place as a percentage of other kills in the entire game.
 E = Experience gained in this place as a percentage of experience gained in the entire game.
 F = Experience gained in this place divided by the number of levels of this place that you have seen.
                   A       B       C       D       E      F
               +-------+-------+-------+-------+-------+----------------------
         Total | 100.0 | 100.0 |   N/A |   N/A | 100.0 | 551.4
       Dungeon |  79.9 |  79.9 |   N/A |   N/A |  84.0 | 540.2
       Ossuary |  20.1 |  20.1 |   N/A |   N/A |  16.0 | 619.0
               +-------+-------+-------+-------+-------+----------------------

Table legend: (Time is in decaauts)
 A = Elapsed time spent in this place.
 B = Non-inter-level travel time spent in this place.
 C = Inter-level travel time spent in this place.
 D = Time resting spent in this place.
 E = Time spent auto-exploring this place.
 F = Levels seen in this place.
 G = Mean time per level.
                   A        B        C        D        E       F      G
               +--------+--------+--------+--------+--------+-----+--------+
         Total |   6034 |   5792 |    242 |     72 |   4251 |   7 |  862.0 |
       Dungeon |   5554 |   5312 |    242 |     69 |   3985 |   6 |  925.7 |
       Ossuary |    480 |    480 |      0 |      3 |    266 |   1 |  480.0 |
               +--------+--------+--------+--------+--------+-----+--------+

Top non-repeatable levels by time:
     D:4: 1327 daAuts
     D:3: 1084 daAuts
     D:5: 915 daAuts
     D:2: 816 daAuts
     D:1: 790 daAuts
     D:6: 619 daAuts
 Ossuary: 480 daAuts
